 Dungeon Crawl Stone Soup version 0.29.1-12-g30fa7ad0bf (webtiles) character file.

Game seed: 3187221830723951223

111309 rakiston the Slayer (level 16, -9/177 HPs)
             Began as a Minotaur Berserker on Jan 8, 2023.
             Was a High Priest of Trog.
             Mangled by Rupert
             ... wielding a +4 great mace of holy wrath
              (11 damage)
             ... while paralysed by Rupert
             ... on level 14 of the Dungeon on Jan 9, 2023.
             The game lasted 02:12:34 (25466 turns).

rakiston the Slayer (Minotaur Berserker)           Turns: 25466, Time: 02:12:35

Health: -9/177     AC: 16    Str: 36    XL:     16   Next: 9%
Magic:  15/15      EV:  2    Int:  4    God:    Trog [*****.]
Gold:   2121       SH:  0    Dex: 10    Spells: 15/15 levels left

rFire   + . .      SeeInvis +   y - +1 battleaxe (flame)
rCold   . . .      Faith    .   (shield currently unavailable)
rNeg    . . .      Spirit   .   P - +2 ring mail {rF+}
rPois   .          Reflect  +   f - +1 hat
rElec   .          Harm     .   K - +0 cloak
rCorr   .          Rampage  .   j - +0 pair of gloves
Will    +....      Clarity  +   n - +0 pair of boots
Stlth   ..........              m - amulet of reflection
HPRegen 0.39/turn               R - +6 ring of strength
MPRegen 0.14/turn               s - ring of see invisible

@: paralysed, on berserk cooldown, slowed
A: horns 2, retaliatory headbutt, clarity, inability to drink after injury 1
a: Renounce Religion, Berserk, Trog's Hand, Brothers in Arms


You were on level 14 of the Dungeon.
You worshipped Trog.
Trog was extremely pleased with you.
You visited 3 branches of the dungeon, and saw 21 of its levels.
You also visited: Sewer, Ossuary and Bailey.

You collected 2562 gold pieces.
You spent 441 gold pieces at shops.

Inventory:

Hand Weapons
 i - a +4 vorpal executioner's axe
 y - a +1 battleaxe of flaming (weapon)
 U - the +10 morningstar "Eos" {elec, Halo rElec}
   (You found it on level 5 of the Lair of Beasts)

   It occasionally discharges a powerful burst of electricity upon striking a
   foe.
   It grants its wielder a halo, revealing invisible creatures and increasing
   accuracy against all within it other than the wielder.
   rElec:     It insulates you from electricity.
 X - a +0 longbow
Missiles
 t - 33 poisoned darts (quivered)
 B - 3 boomerangs of dispersal
 L - 2 throwing nets
Armour
 f - a +1 hat (worn)
 j - a +0 pair of gloves (worn)
 n - a +0 pair of boots (worn)
 K - a +0 cloak (worn)
 P - a +2 ring mail of fire resistance (worn)
Jewellery
 a - the ring "Zaxay" {EV+4 Int+3}
   (You acquired it on level 9 of the Dungeon)

   [ring of evasion]

   EV:        It affects your evasion (+4).
   Int:       It affects your intelligence (+3).
 m - an amulet of reflection (around neck)
 p - a ring of ice
 s - a ring of see invisible (right hand)
 R - a +6 ring of strength (left hand)
 Z - a ring of flight
Wands
 b - a wand of charming (15)
 v - a wand of iceblast (42)
 I - a wand of light (11)
 N - a wand of digging (6)
 Q - a wand of flame (12)
 S - a wand of polymorph (4)
 Y - a wand of mindburst (8)
Scrolls
 c - 2 scrolls of summoning
 d - 8 scrolls of teleportation
 e - 3 scrolls of immolation
 g - 3 scrolls of blinking
 h - 7 scrolls of fear
 k - a scroll of magic mapping
 x - 5 scrolls of enchant weapon
 C - 6 scrolls of fog
 H - a scroll of silence
 J - 3 scrolls of vulnerability
 O - 2 scrolls of enchant armour
 T - 4 scrolls of identify
Potions
 l - 10 potions of curing
 o - 2 potions of heal wounds
 q - 9 potions of berserk rage
 r - a potion of attraction
 u - a potion of cancellation
 w - 3 potions of might
 z - a potion of flight
 A - 3 potions of invisibility
 D - 6 potions of ambrosia
 E - 4 potions of haste
 F - 2 potions of lignification
 G - 6 potions of mutation
Miscellaneous
 M - a box of beasts
 V - a lightning rod (4/4)


   Skills:
 + Level 24.8 Fighting
 - Level 15.0 Axes
 + Level 15.5 Armour
 - Level 2.2 Dodging


You had 15 spell levels left.
You didn't know any spells.
Your spell library was empty.

Dungeon Overview and Level Annotations

Branches:
Dungeon (14/15)            Temple (0/1) D:7            Lair (5/5) D:9
  Swamp (0/4) Lair:2       Spider (0/4) Lair:2        Slime (0/5) Lair:5
    Orc (2/2) D:11            Elf (0/3) Orc:2        Vaults (0/5) D:14
  Sewer (visited)         Ossuary (visited)          Bailey (visited)

Altars:
Kikubaaqudgha
Makhleb
Ru
Sif Muna
Vehumet
Yredelemnul

Shops:
D:4 *=   D:6 *   Orc:2 ![(=

Portals:
Abyss: D:6

Annotations:
D:3 1 runed translucent door, Crazy Yiuf
D:6 2 transporters, gdog's ghost, weakling GnDe
D:12 1 runed translucent door, hikkokomori's ghost, adept OpCj
D:13 1 runed translucent door, Xuta's ghost, journeyman FoFi
D:14 Rupert
Lair:5 exclusion: ice statue


Innate Abilities, Weirdness & Mutations

You have a pair of horns on your head.
You reflexively headbutt those who attack you in melee.
You possess an exceptional clarity of mind.
You occasionally lose the ability to drink potions when taking damage.


Message History

The vault guard hits you but does no damage.
You hit Rupert but do no damage.
Rupert is heavily wounded.
You slash the vault guard! You burn the vault guard.
You kill the vault guard!
Trog accepts your kill.
You slash the vault guard! You burn the vault guard.
You block the vault guard's attack.
Rupert hits you with a +4 great mace of holy wrath!
You feel much better. You block the vault guard's attack.
The vault guard hits you with a +0 dire flail.
Rupert hits you but does no damage. The vault guard barely misses you.
The vault guard hits you with a +0 dire flail!
Rupert hits you with a +4 great mace of holy wrath.
You barely miss Rupert.
Rupert is heavily wounded.
You closely miss the vault guard.
The vault guard hits you from afar with a +0 halberd!
The vault guard hits you but does no damage.
Rupert hits you with a +4 great mace of holy wrath!
You slice Rupert!! You burn Rupert! You headbutt Rupert!
Rupert is almost dead.
You slash the vault guard! You burn the vault guard.
The vault guard barely misses you.
The vault guard hits you with a +0 dire flail!
Rupert roars wildly at you.
You suddenly lose the ability to move!
Rupert hits you with a +4 great mace of holy wrath.
The vault guard hits you from afar with a +0 halberd!
The vault guard hits you with a +0 dire flail!
* * * LOW HITPOINT WARNING * * *
The vault guard hits you with a +0 dire flail.
* * * LOW HITPOINT WARNING * * *
The vault guard hits you from afar with a +0 halberd!
* * * LOW HITPOINT WARNING * * *
Rupert hits you with a +4 great mace of holy wrath!!
* * * LOW HITPOINT WARNING * * *
The vault guard hits you but does no damage. x2
Rupert hits you with a +4 great mace of holy wrath!
You die...

..........# ..#####...#
... ..#...#....... .∩.
..#...#...#### ...
..#...#...# #.#
..'...#...# #p#
..#...#.<.# #p##
..#...#...##+###))#####.
..#...#>.......p@@......
..#####.................
........................
........................
........................
##########..############
####


You could see Rupert and 3 vault guards.

Vanquished Creatures
  Kirke (Lair:5)
  Roxanne (D:14)
  An orc warlord (Bailey)
  Fannar (D:10)
  Josephine (D:13)
  5 vault guards (D:14)
  Erolcha (Orc:2)
  8 hydras
  A catoblepas (Lair:5)
  2 ogre magi (Orc:2)
  A boulder beetle (D:12)
  A centaur warrior (D:14)
  11 death yaks
  A tengu warrior (D:14)
  2 two-headed ogres
  A deep troll shaman (Lair:5)
  3 orc knights
  A lindwurm (Lair:5)
  An ugly thing (D:12)
  8 orc sorcerers (Orc:2)
  A deep elf pyromancer (D:14)
  3 cyclopes
  12 elephants
  A manticore (D:12)
  Joseph (D:7)
  An eye of devastation (Lair:5)
  3 torpor snails
  A gargoyle (D:5)
  2 unseen horrors (D:12)
  6 black mambas
  Maggie (D:7)
  8 cane toads
  A rime drake (Lair:4)
  2 freezing wraiths
  7 komodo dragons
  A yaktaur (shapeshifter) (D:13)
  A kobold demonologist (D:10)
  2 tengu conjurers (D:14)
  A queen bee (Lair:2)
  3 meliai (D:14)
  A troll (shapeshifter) (D:14)
  3 hornets
  10 trolls
  Grinder (D:5)
  2 polar bears (Lair:5)
  6 dream sheep (Lair:5)
  18 blink frogs
  A water elemental (D:11)
  A vampire (D:11)
  51 yaks
  A shadow (D:10)
  4 wyverns
  6 wraiths
  A culicivora (Lair:2)
  10 basilisks
  A hog (Lair:5)
  A steam dragon (D:9)
  4 wargs
  16 water moccasins
  Menkaure (D:6)
  3 acid dragons
  Pargi (Sewer)
  A floating eye (Lair:5)
  A sky beast (D:6)
  26 orc warriors
  9 ice beasts
  10 ogres
  29 wolves
  5 black bears
  3 phantoms
  7 centaurs
  5 kobold brigands
  5 gnoll sergeants
  9 bullfrogs
  A scorpion (D:4)
  3 wights (D:8)
  A necrophage (D:5)
  41 killer bees
  7 howler monkeys
  9 electric eels
  12 orc priests
  4 hounds
  A gnoll bouda (D:6)
  3 iguanas
  27 orc wizards
  8 mummies (Ossuary)
  7 adders
  21 gnolls
  5 white imps
  An ufetubus (D:6)
  4 worms (D:3)
  86 orcs
  9 endoplasms
  4 giant cockroaches
  20 goblins
  12 hobgoblins
  5 jackals
  17 kobolds
  4 quokkas
  5 ball pythons
  14 bats
  3 frilled lizards
  A gnoll zombie (Ossuary)
  3 hobgoblin zombies (Ossuary)
  2 kobold zombies (Ossuary)
  2 orc zombies (Ossuary)
  3 rats
  2 butterflies (Lair:1)
  A toadstool (D:7)
711 creatures vanquished.

Vanquished Creatures (others)
  2 humans (Lair:5)
  An orc (Orc:2)
  47 fungi
  37 plants
  3 toadstools (D:7)
  5 withered plants (D:2)
95 creatures vanquished.

Grand Total: 806 creatures vanquished

Notes
Turn   | Place    | Note
-------+----------+-------------------------------------------
     0 | D:1      | rakiston the Minotaur Berserker began the quest for the
                  | Orb.
     0 | D:1      | Reached XP level 1. HP: 19/19 MP: 0/0
   142 | D:1      | Reached skill level 4 in Fighting
   142 | D:1      | Reached XP level 2. HP: 27/27 MP: 1/1
   477 | D:1      | You fall into a shaft and drop 1 floor!
  1071 | D:2      | Found a faded altar of an unknown god.
  1115 | D:2      | Reached ** piety under Trog
  1116 | D:2      | Reached XP level 3. HP: 33/33 MP: 2/2
  1672 | D:3      | Found a runed translucent door.
  1673 | D:3      | Noticed Crazy Yiuf
  1867 | D:3      | Reached skill level 5 in Axes
  2142 | D:4      | Noticed a scorpion
  2149 | D:4      | Killed a scorpion
  2150 | D:4      | Reached skill level 5 in Fighting
  2150 | D:4      | Reached XP level 4. HP: 42/42 MP: 3/3
  2158 | D:4      | Found Busaiq's Jewellery Shoppe.
  2329 | D:4      | Reached XP level 5. HP: 48/48 MP: 4/4
  2381 | D:4      | Found a glowing drain.
  2394 | Sewer    | Entered a sewer
  2424 | Sewer    | Noticed Pargi
  2433 | Sewer    | Killed Pargi
  2434 | Sewer    | Reached XP level 6. HP: 56/56 MP: 5/5
  2741 | D:4      | Found Noiby's Needful Niceties.
  2857 | D:5      | Entered Level 5 of the Dungeon
  2961 | D:5      | Reached *** piety under Trog
  2984 | D:5      | Noticed an ice beast
  2988 | D:5      | Killed an ice beast
  2989 | D:5      | Reached skill level 6 in Fighting
  2989 | D:5      | Reached XP level 7. HP: 63/63 MP: 6/6
  3105 | D:5      | Noticed Grinder
  3110 | D:5      | Paralysed by Grinder for 4 turns
  3123 | D:5      | Paralysed by Grinder for 2 turns
  3125 | D:5      | Killed Grinder
  3148 | D:5      | Found a burning altar of Makhleb.
  3150 | D:5      | Noticed a balrug
  3634 | D:5      | Noticed a gargoyle
  3638 | D:5      | Killed a gargoyle
  3639 | D:5      | Reached skill level 7 in Fighting
  3639 | D:5      | Reached skill level 10 in Axes
  3639 | D:5      | Reached XP level 8. HP: 73/73 MP: 7/7
  4053 | D:6      | Found a sand-covered staircase.
  4058 | Ossuary  | Entered an ossuary
  4611 | D:6      | Found a transporter.
  4611 | D:6      | Found a one-way gate to the infinite horrors of the Abyss.
  4611 | D:6      | Noticed gdog's ghost (weakling GnDe)
  4614 | D:6      | Noticed an ancient zyme
  4623 | D:6      | Noticed a small abomination
  4642 | D:6      | Found a transporter.
  4661 | D:6      | Reached skill level 8 in Fighting
  4810 | D:6      | Reached XP level 9. HP: 55/82 MP: 8/8
  5020 | D:6      | Found Gyases Butu's Serpentskin Sales.
  5110 | D:6      | Reached **** piety under Trog
  5148 | D:6      | Found a sacrificial altar of Ru.
  5148 | D:6      | Found a basalt altar of Yredelemnul.
  5369 | D:6      | Reached skill level 9 in Fighting
  5561 | D:6      | Noticed Menkaure
  5572 | D:6      | Killed Menkaure
  5675 | D:7      | Noticed Joseph
  5693 | D:7      | Killed Joseph
  5767 | D:7      | Gained mutation: You occasionally lose the ability to drink
                  | potions when taking damage. [potion of mutation]
  5767 | D:7      | Gained mutation: You possess an exceptional clarity of
                  | mind. [potion of mutation]
  5994 | D:7      | Noticed Maggie
  6002 | D:7      | Killed Maggie
  6071 | D:7      | Reached skill level 10 in Fighting
  6255 | D:7      | Found a staircase to the Ecumenical Temple.
  6434 | D:8      | Reached XP level 10. HP: 92/93 MP: 9/9
  6543 | D:8      | Found a flagged portal.
  6549 | Bailey   | Entered a bailey
  6669 | Bailey   | Reached ***** piety under Trog
  6721 | Bailey   | Reached skill level 15 in Axes
  6741 | Bailey   | Noticed an orc knight
  6759 | Bailey   | Killed an orc knight
  6760 | Bailey   | Reached skill level 11 in Fighting
  7171 | Bailey   | Noticed an orc warlord
  7185 | Bailey   | Reached skill level 12 in Fighting
  7190 | Bailey   | Killed an orc warlord
  7191 | Bailey   | Reached skill level 5 in Armour
  7225 | Bailey   | Identified the +3 falchion "Uhoe" {protect, Fragile rF+
                  | rC+}
  8164 | D:9      | Reached skill level 13 in Fighting
  8390 | D:9      | Reached XP level 11. HP: 104/107 MP: 10/10
  8635 | D:9      | Found a staircase to the Lair.
  9094 | D:9      | Found a shimmering blue altar of Sif Muna.
  9134 | D:9      | Identified a scroll of acquirement
  9135 | D:9      | Acquired the ring "Zaxay" {EV+4 Int+3}
  9248 | D:10     | Entered Level 10 of the Dungeon
  9350 | D:10     | Noticed a two-headed ogre
  9355 | D:10     | Killed a two-headed ogre
  9381 | D:10     | Noticed a sea snake
  9544 | D:10     | Noticed Fannar
  9546 | D:10     | Noticed a soul eater
  9548 | D:10     | Reached skill level 14 in Fighting
  9560 | D:10     | Killed Fannar
  9947 | D:11     | Received a gift from Trog
 11215 | D:11     | Found a staircase to the Orcish Mines.
 11237 | D:11     | Reached skill level 15 in Fighting
 11975 | Lair:1   | Entered Level 1 of the Lair of Beasts
 11977 | Lair:1   | Noticed a six-headed hydra
 12002 | Lair:1   | Killed a four-headed hydra
 12515 | Lair:1   | Reached skill level 10 in Armour
 12633 | Lair:1   | Reached XP level 12. HP: 122/122 MP: 11/11
 13033 | Lair:1   | Reached skill level 16 in Fighting
 13395 | Lair:2   | Found a hole to the Spider Nest.
 13687 | Lair:2   | Found a staircase to the Swamp.
 13711 | Lair:2   | Reached skill level 17 in Fighting
 14185 | Lair:2   | Received a gift from Trog
 14236 | Lair:2   | Reached skill level 18 in Fighting
 14993 | Lair:3   | Noticed a five-headed hydra
 15001 | Lair:3   | Killed a one-headed hydra
 15051 | Lair:3   | Noticed a death yak
 15051 | Lair:3   | Noticed a death yak
 15064 | Lair:3   | Killed a death yak
 15076 | Lair:3   | Killed a death yak
 15077 | Lair:3   | Reached XP level 13. HP: 71/136 MP: 12/12
 15310 | Lair:3   | Reached skill level 19 in Fighting
 16375 | Lair:4   | Received a gift from Trog
 16472 | Lair:4   | Reached skill level 20 in Fighting
 17324 | Lair:5   | Entered Level 5 of the Lair of Beasts
 17408 | Lair:5   | Found a staircase to the Slime Pits.
 17415 | Lair:5   | Paralysed by a floating eye for 2 turns
 17417 | Lair:5   | Reached ****** piety under Trog
 17487 | Lair:5   | Reached skill level 21 in Fighting
 17579 | Lair:5   | Received a gift from Trog
 17580 | Lair:5   | Reached XP level 14. HP: 67/151 MP: 13/13
 17949 | Lair:5   | Noticed Kirke
 17954 | Lair:5   | Killed Kirke
 17964 | Lair:5   | Reached skill level 22 in Fighting
 18443 | Lair:5   | Found the +5 demon whip "Spellbinder" {antimagic, Will+}
 18800 | Lair:5   | Reached XP level 15. HP: 162/162 MP: 14/14
 18944 | Lair:5   | Reached skill level 23 in Fighting
 18978 | Lair:5   | Found the +10 morningstar "Eos" {elec, Halo rElec}
 19658 | Orc:1    | Entered Level 1 of the Orcish Mines
 19836 | Orc:2    | Entered Level 2 of the Orcish Mines
 19861 | Orc:1    | HP: 4/163 [orc knight/+0 war axe (17)]
 20654 | Orc:1    | Received a gift from Trog
 21007 | Orc:2    | Found a staircase to the Elven Halls.
 21484 | Orc:2    | Found Cuihaxar's Distillery.
 21491 | Orc:2    | Bought a potion of heal wounds for 55 gold pieces
 21491 | Orc:2    | Bought a potion of curing for 33 gold pieces
 21491 | Orc:2    | Bought a potion of curing for 33 gold pieces
 21491 | Orc:2    | Bought a potion of heal wounds for 55 gold pieces
 21491 | Orc:2    | Bought a potion of heal wounds for 55 gold pieces
 21515 | Orc:2    | Found an ancient bone altar of Kikubaaqudgha.
 21791 | Orc:2    | Noticed Erolcha
 21798 | Orc:2    | Killed Erolcha
 21799 | Orc:2    | Reached skill level 15 in Armour
 21804 | Orc:2    | Found a radiant altar of Vehumet.
 21828 | Orc:2    | Found Usuy's Antique Armour Shop.
 21884 | Orc:2    | Found Qaamn's Jewellery Boutique.
 21884 | Orc:2    | Found Cuffy's Antique Weapon Shop.
 21957 | Orc:2    | Bought a ring of see invisible for 210 gold pieces
 23111 | D:12     | Found a runed translucent door.
 23114 | D:12     | Noticed hikkokomori's ghost (adept OpCj)
 23178 | D:12     | Received a gift from Trog
 23179 | D:12     | Reached skill level 24 in Fighting
 23209 | D:12     | Identified the +1 robe of the Apricot {rElec Will- Str+6
                  | Int-2}
 23713 | D:13     | Found a runed translucent door.
 23714 | D:13     | Noticed Xuta's ghost (journeyman FoFi)
 23753 | D:13     | Noticed Josephine
 23761 | D:13     | Killed Josephine
 25336 | D:14     | Noticed Roxanne
 25346 | D:14     | Killed Roxanne
 25347 | D:14     | Reached XP level 16. HP: 177/177 MP: 15/15
 25445 | D:14     | Found a gate to the Vaults.
 25447 | D:14     | Noticed Rupert
 25464 | D:14     | Paralysed by Rupert for 4 turns
 25465 | D:14     | HP: 1/177 [Rupert/+4 great mace of holy wrath (21)]
 25466 | D:14     | Mangled by Rupert

Illustrated notes

Levels and vault maps discovered:
D:1:      lightli_arrival_noodles, layout_loops_ring
D:2:      layout_loops_corners, ebering_ecumenical_altar_petrified
D:3:      layout_rooms, uniq_crazy_yiuf_cottage
D:4:      layout_loops_cross, portal_sewer_entry_d, nicolae_alphabet_shops,
          minmay_shop_enchanted_jewellery
D:5:      layout_basic, makhleb_altar_promises_db, uniq_grinder
D:6:      layout_cave_pools, mainiacjoe_overflow_large_starburst,
          enter_ossuary_5, gammafunk_ghost_abyssal_escape, guppyfry_shop_venom,
          uniq_menkaure
D:7:      layout_rooms, minmay_temple_entry_statues_fountains,
          minmay_gold_behind_fungi, uniq_maggie, uniq_joseph
D:8:      layout_rooms, enter_bailey_3
D:9:      layout_long_grid, lemuel_blue_sif_altar, erik_lair_dragon
D:10:     layout_rooms, serial_aquarium, aquarium_bridge_long_joined
          [aquarium_subvault_wall, aquarium_subvault_window,
          aquarium_subvault_window, aquarium_subvault_wall,
          aquarium_subvault_window, aquarium_subvault_bridge],
          aquarium_bridge_straight [aquarium_subvault_bridge,
          aquarium_subvault_wall, aquarium_subvault_bridge,
          aquarium_subvault_wall], aquarium_window_double, aquarium_window_3,
          aquarium_view_2f, aquarium_view_2b, aquarium_balcony_double_1,
          roderic_batcave, uniq_fannar
D:11:     layout_basic, kennysheep_orc_monster_closet_entryway,
          serial_co_window_serial, co_window_paths_b, co_window_paths_a,
          co_window_paths_a, co_window_paths_a, co_window_of_opportunity_a,
          co_window_cross_1, co_window_of_opportunity_b, co_window_corner_ca,
          co_window_broadway_b, co_window_unsneaky_path_a, co_window_paths_d,
          co_window_4corner_b, glass_columns_c, glass_columns_a,
          glass_columns_c, glass_columns_c
D:12:     minmay_goldmine, layout_rooms, ebering_ghost_inner_flame
D:13:     layout_layer_cave, hellmonk_ghost_big_iron, uniq_josephine
D:14:     layout_irregular_city, erik_vaults_2, nicolae_figureground_pulse,
          uniq_roxanne, uniq_rupert
Lair:1:   layout_chaotic_city, infiniplex_staircase_pool, lemuel_fruit_fields
Lair:2:   layout_roguey [special_room_bee], swamp_mist,
          spider_nest_entry_rubble, lemuel_fruit_tree
Lair:3:   layout_chaotic_city, serial_rivers, chequers_serial_rivers_small_3,
          chequers_serial_rivers_room_b, chequers_serial_rivers_micro_c,
          chequers_serial_rivers_micro_c, chequers_serial_rivers_micro_e,
          chequers_serial_rivers_small_3, nicolae_volcano_entry_s_turn,
          grunt_forest_small_clearings, serial_bayou_pond_e,
          grunt_forest_large_clearings
Lair:4:   layout_regular_city, chequers_serial_rivers_small_a
Lair:5:   grunt_lair_end_beastmaster, layout_regular_city,
          minmay_slime_entry_eyes, minivault_11, ice2_lemuel, uniq_kirke
Orc:1:    layout_caves, lightli_orcish_oven
Orc:2:    kennysheep_orc_mage_school, layout_diamond_mine

Skill      XL: |  1  2  3  4  5  6  7  8  9 10 11 12 13 14 15 |
---------------+----------------------------------------------+-----
Fighting       | 4 5 6 7 8 10 13 15 18 21 22 24 | 24.8
Axes           | 4 5 6 8 10 12 14 15 | 15.0
Armour         | 6 10 11 13 14 15 | 15.5
Dodging        | |  2.2

Action                   |  1- 3 |  4- 6 |  7- 9 | 10-12 | 13-15 | 16-18 || total
-------------------------+-------+-------+-------+-------+-------+-------++-------
Melee: Hand axe          |    94 |    73 |   333 |    41 |       |       ||   541
       Headbutt          |    14 |    17 |    64 |    84 |   139 |     5 ||   323
       Punch             |       |     1 |     4 |     2 |       |       ||     7
       War axe           |       |       |       |    80 |       |       ||    80
       Broad axe         |       |       |       |   186 |       |       ||   186
       Battleaxe         |       |       |       |   254 |   620 |    16 ||   890
Throw: Dart              |       |       |       |    24 |    12 |       ||    36
Invok: Berserk           |     1 |     2 |     6 |    11 |     4 |     1 ||    25
       Trog's Hand       |       |       |       |     5 |     8 |       ||    13
  Use: Scroll            |     7 |     2 |     6 |    10 |     1 |       ||    26
       Potion            |     3 |       |     6 |    11 |     5 |     1 ||    26
Armor: Ring mail         |     7 |     4 |    73 |   165 |   240 |     7 ||   496
       Plate armour      |    17 |    43 |       |       |       |       ||    60
Dodge: Dodged            |    24 |    22 |   111 |   312 |   386 |     4 ||   859
Block: Other             |    12 |    18 |    53 |   102 |   130 |     4 ||   319
       Reflection        |       |       |     4 |     3 |    11 |       ||    18
